 Dungeon Crawl Stone Soup version 0.30-a0-1016-gfb0d676c02 (webtiles) character file.

Game seed: 17624806156214689001

10102 greenreed the Fighter (level 11, -6/104 HPs)
             Began as a Minotaur Fighter on Apr 7, 2023.
             Was a Priest of Nemelex Xobeh.
             Mangled by Snorg (13 damage)
             ... on level 12 of the Dungeon.
             The game lasted 00:27:19 (10849 turns).

greenreed the Fighter (Minotaur Fighter)           Turns: 10849, Time: 00:27:20

Health: -6/104     AC: 19    Str: 26    XL:     11   Next: 31%
Magic:  14/14      EV:  8    Int:  5    God:    Nemelex Xobeh [***...]
Gold:   629        SH:  5    Dex:  9    Spells: 10/10 levels left

rFire   . . .      SeeInvis .    a - +1 war axe
rCold   + + .      Faith    .    c - +0 buckler
rNeg    . . .      Spirit   .    U - +0 shadow dragon scales
rPois   .          Reflect  .    (helmet restricted)
rElec   .          Rampage  .    j - +0 cloak
rCorr   .                        t - +0 pair of gloves
Will    .....                    S - +0 pair of boots
Stlth   ++                       T - amulet of Vitality {RegenMP++ Regen++}
HPRegen 1.97/turn                Z - ring of protection from cold
MPRegen 0.94/turn                L - ring of protection from cold

@: studying Axes
A: horns 2, retaliatory headbutt
a: Renounce Religion, Draw Escape, Draw Destruction, Draw Summoning, Triple Draw


You were on level 12 of the Dungeon.
You worshipped Nemelex Xobeh.
Nemelex Xobeh was most pleased with you.
You visited 2 branches of the dungeon, and saw 13 of its levels.

You collected 747 gold pieces.
You spent 118 gold pieces at shops.

Inventory:

Hand Weapons
 a - a +1 war axe (weapon)
 R - the +2 trident "Izaiwuar" {venom, rPois Stlth+}
   (You found it on level 7 of the Dungeon)

   rPois:     It protects you from poison.
   Stlth:     It makes you more stealthy.
Missiles
 m - 10 boomerangs (quivered)
 I - 7 javelins
 J - 2 throwing nets
Armour
 b - the +0 chain mail of the Desert {rCorr Dex+3}
   (You took it off an orc on level 6 of the Dungeon)

   Dex:       It affects your dexterity (+3).
   rCorr:     It protects you from acid and corrosion.
 c - a +0 buckler (worn)
 j - a +0 cloak (worn)
 t - a +0 pair of gloves (worn)
 S - a +0 pair of boots (worn)
 U - +0 shadow dragon scales (worn)
Jewellery
 y - a ring of positive energy
 L - a ring of protection from cold (right hand)
 O - a ring of positive energy
 T - the amulet of Vitality (around neck) {RegenMP++ Regen++}
   (You acquired it on level 12 of the Dungeon)

   [amulet of magic regeneration]

   It increases your rate of magic regeneration.
   Regen:     It increases your rate of health regeneration.
 Z - a ring of protection from cold (left hand)
Wands
 E - a wand of flame (12)
 H - a wand of iceblast (22)
 K - a wand of mindburst (10)
 M - a wand of charming (17)
Scrolls
 e - 3 scrolls of blinking
 f - 2 scrolls of fog
 g - a scroll of silence {unknown}
 k - 2 scrolls of amnesia
 l - 2 scrolls of teleportation
 r - a scroll of vulnerability {unknown}
 s - 5 scrolls of poison
 v - a scroll of noise {unknown}
 w - 2 scrolls of immolation
 z - a scroll of torment
 B - 2 scrolls of magic mapping
 F - a scroll of brand weapon {unknown}
 N - 2 scrolls of enchant weapon
 V - a scroll of enchant armour {unknown}
Potions
 d - a potion of might
 h - 2 potions of attraction
 i - 9 potions of curing
 n - 2 potions of lignification
 q - a potion of heal wounds
 u - 3 potions of haste
 x - a potion of resistance {unknown}
 A - a potion of invisibility {unknown}
 C - 4 potions of magic
 D - a potion of degeneration {unknown}
 G - 2 potions of cancellation
 P - a potion of ambrosia {unknown}
 Q - a potion of flight {unknown}
 W - a potion of brilliance {unknown}
 X - 2 potions of mutation {unknown}


   Skills:
 * Level 12.2 Fighting
 * Level 11.8 Axes
 + Level 9.0 Armour
 + Level 9.0 Shields
 + Level 5.9 Invocations


You had 10 spell levels left.
You didn't know any spells.
Your spell library contained the following spells:

 Spells                   Type           Power      Damage    Failure   Level
 Beastly Appendage        Tmut           0%         N/A       97%         1
 Blink                    Tloc           0%         N/A       99%         2
 Lesser Beckoning         Tloc           0%         N/A       99%         2
 Momentum Strike          Conj/Tloc      0%         3d8       99%         2
 Wereblood                Tmut           0%         N/A       99%         2
 Ignite Poison            Fire/Tmut/Pois 0%         N/A       100%        3
 Spider Form              Tmut/Pois      0%         N/A       100%        3
 Animate Dead             Necr           0%         N/A       100%        4
 Manifold Assault         Tloc           0%         N/A       100%        4
 Olgreb's Toxic Radiance  Pois           0%         N/A       100%        4
 Sticky Flame             Conj/Fire      0%         2d3       100%        4
 Haunt                    Necr/Summ      0%         N/A       100%        7
 Storm Form               Tmut/Air       0%         N/A       100%        7
 Discord                  Hex            0%         N/A       100%        8
 Ignition                 Fire           0%         3d3       100%        8
 Infestation              Necr           0%         N/A       100%        8


Dungeon Overview and Level Annotations

Branches:
Dungeon (12/15)            Temple (1/1) D:6            Lair (0/5) D:8
    Orc (0/2) D:9

Altars:
Cheibriados
Dithmenos
Fedhas
Hepliaklqana
Kikubaaqudgha
Makhleb
Nemelex Xobeh
Okawaru
Sif Muna
Trog
Uskayaw
Wu Jian
Zin
The Shining One

Shops:
D:6 (   D:11 [   D:12 ?

Portals:
Abyss: D:4
Trove: D:10 (show abyssal rune of Zot)

Annotations:
D:4 2 transporters, Demosthentine's ghost, amateur DsGl
D:12 Snorg


Innate Abilities, Weirdness & Mutations

You have a pair of horns on your head.
You reflexively headbutt those who attack you in melee.


Message History

You draw a card...
You have drawn the Storm.
A fierce wind blows from the card.
Snorg is knocked back by the gust of wind.
You hear a mighty peal of thunder!
You hear a shout! x2
You draw a card...
You have drawn the Illusion.
Suddenly you stand beside yourself. Snorg bites you!
* * * LOW HITPOINT WARNING * * *
Snorg claws you.
* * * LOW HITPOINT WARNING * * *
You block Snorg's attack. Snorg barely misses you. You furiously retaliate!
You headbutt Snorg! You block Snorg's attack. Snorg claws you!
* * * LOW HITPOINT WARNING * * *
Snorg bites greenreed's illusion!
Snorg closely misses greenreed's illusion.
Snorg claws greenreed's illusion.
Greenreed's illusion hits Snorg!
Snorg bites greenreed's illusion.
Snorg claws greenreed's illusion. x2
Snorg closely misses greenreed's illusion. x2
Snorg claws greenreed's illusion.
Greenreed's illusion hits Snorg!
Snorg is no longer covered in acid.
Snorg rages.
Greenreed's illusion hits Snorg.
Snorg rages. x2
There is a stone staircase leading up, spattered with blood here.
You draw a card...
You have drawn Wild Magic.
Snorg's body twists unnaturally.
Snorg twists and deforms.
You feel a surge of magic. Snorg barely misses you. You furiously retaliate!
You headbutt Snorg, but do no damage. Snorg claws you but does no damage. x2
You draw a card...
You have drawn Vitriol.
Press: ? - help, Shift-Dir - straight line, f/p - Snorg
Aim: Snorg (severely wounded, berserk, misshapen and mutated, ally target)
The glob of acid misses Snorg.
Snorg bites you but does no damage. Snorg claws you!
* * * LOW HITPOINT WARNING * * *
Snorg closely misses you. Snorg bites you!
* * * LOW HITPOINT WARNING * * *
You block Snorg's attack. Snorg claws you!
You die...
Your body glows with a rainbow of weird colours and disappears.

########## ........
........ ......
..... ####..#######
##...........######
##....(....T@.......
#......8...@........
#...................
#......<............
#...................
#......∩"...........
##..................
#.....8............
#.......###[......


You could see Snorg (berserk, misshapen, ally target) and the friendly
greenreed's illusion (summoned).

Vanquished Creatures
  Josephine (D:11)
  Harold (D:11)
  Fannar (D:10)
  A centaur warrior (D:10)
  A cyclops (shapeshifter) (D:10)
  A manticore (D:8)
  A cyclops (D:12)
  2 kobold demonologists (D:8)
  A komodo dragon (D:11)
  A hornet (D:10)
  A wyvern (D:10)
  2 vampires (D:10)
  5 wraiths
  3 vampire mosquitoes
  2 wargs (D:8)
  2 acid dragons
  An acid dragon (shapeshifter) (D:11)
  6 orc warriors
  2 black bears
  3 ogres
  A centaur (D:8)
  3 phantoms
  2 kobold brigands
  2 bullfrogs
  9 wights
  6 killer bees
  3 howler monkeys (D:7)
  4 hounds
  8 orc priests
  3 jellies
  A gnoll bouda (D:8)
  9 orc wizards
  A sleepcap (D:6)
  4 iguanas
  A mummy (D:3)
  Robin (D:4)
  7 gnolls
  7 adders
  A white imp (D:7)
  A worm (D:2)
  3 dart slugs
  32 orcs
  2 endoplasms
  A giant cockroach (D:1)
  17 goblins
  7 hobgoblins
  22 kobolds
  8 quokkas
  6 ball pythons
  5 bats
  4 frilled lizards
  5 rats
224 creatures vanquished.

Vanquished Creatures (others)
  A plant (D:3)
1 creature vanquished.

Grand Total: 225 creatures vanquished

Notes
Turn   | Place    | Note
-------+----------+-------------------------------------------
     0 | D:1      | greenreed the Minotaur Fighter began the quest for the Orb.
     0 | D:1      | Reached XP level 1. HP: 19/19 MP: 0/0
   129 | D:1      | Reached XP level 2. HP: 24/27 MP: 1/1
   317 | D:1      | Reached skill level 4 in Fighting
   896 | D:2      | Reached XP level 3. HP: 29/33 MP: 2/2
  1290 | D:2      | Found a faded altar of an unknown god.
  1603 | D:3      | Reached XP level 4. HP: 38/41 MP: 3/3
  1776 | D:3      | Found a snail-covered altar of Cheibriados.
  2523 | D:4      | Reached skill level 5 in Fighting
  2537 | D:4      | Noticed an ogre
  2546 | D:4      | Killed an ogre
  2547 | D:4      | Reached XP level 5. HP: 32/48 MP: 4/4
  2632 | D:4      | Found a transporter.
  2636 | D:4      | Noticed Robin
  2645 | D:4      | Killed Robin
  2906 | D:4      | Noticed a phantom
  2913 | D:4      | Killed a phantom
  2914 | D:4      | Reached skill level 5 in Axes
  2914 | D:4      | Reached XP level 6. HP: 57/57 MP: 5/5
  2960 | D:4      | Found a one-way gate to the infinite horrors of the Abyss.
  2960 | D:4      | Noticed Demosthentine's ghost (amateur DsGl)
  2960 | D:4      | Noticed a small abomination
  2981 | D:4      | Found a transporter.
  2992 | D:4      | Noticed a toenail golem
  3158 | D:5      | Entered Level 5 of the Dungeon
  3167 | D:5      | Reached skill level 6 in Fighting
  3167 | D:5      | Reached skill level 5 in Shields
  3305 | D:5      | Reached skill level 5 in Armour
  3483 | D:5      | Reached XP level 7. HP: 48/63 MP: 6/6
  4159 | D:6      | Identified the +0 chain mail of the Desert {rCorr Dex+3}
  4272 | D:6      | Found a staircase to the Ecumenical Temple.
  4279 | Temple   | Entered the Ecumenical Temple
  4332 | Temple   | Became a worshipper of Nemelex Xobeh the Trickster
  4362 | D:6      | Reached skill level 7 in Fighting
  4461 | D:6      | Found Vixoiryi's Weapon Shoppe.
  4714 | D:7      | Reached skill level 1 in Invocations
  4714 | D:7      | Reached XP level 8. HP: 67/73 MP: 7/7
  4939 | D:7      | Identified the +2 trident "Izaiwuar" {venom, rPois Stlth+}
  5196 | D:7      | Reached * piety under Nemelex Xobeh
  5196 | D:7      | Received a gift from Nemelex Xobeh
  5231 | D:7      | Reached skill level 8 in Fighting
  5843 | D:8      | Found a staircase to the Lair.
  6058 | D:8      | Noticed a kobold demonologist
  6088 | D:8      | Noticed a kobold demonologist
  6090 | D:8      | Noticed an ice devil
  6093 | D:8      | Noticed a sixfirhy
  6095 | D:8      | Killed a kobold demonologist
  6096 | D:8      | Reached XP level 9. HP: 71/82 MP: 8/10
  6099 | D:8      | Noticed a sixfirhy
  6101 | D:8      | Killed a kobold demonologist
  6102 | D:8      | Reached skill level 9 in Fighting
  6600 | D:8      | You fall into a shaft and drop 1 floor!
  6616 | D:9      | Found a staircase to the Orcish Mines.
  6938 | D:9      | Reached ** piety under Nemelex Xobeh
  7119 | D:8      | Reached skill level 10 in Fighting
  7192 | D:8      | Noticed a manticore
  7201 | D:8      | Killed a manticore
  7571 | D:8      | Reached XP level 10. HP: 89/92 MP: 12/12
  7861 | D:9      | Received a gift from Nemelex Xobeh
  8137 | D:9      | Reached skill level 10 in Axes
  8421 | D:10     | Entered Level 10 of the Dungeon
  8484 | D:10     | Received a gift from Nemelex Xobeh
  8589 | D:10     | Reached *** piety under Nemelex Xobeh
  8687 | D:10     | Noticed Fannar
  8732 | D:10     | Killed Fannar
  8733 | D:10     | Reached skill level 11 in Fighting
  8955 | D:10     | Found a portal to a secret trove of treasure.
  9008 | D:10     | a komodo dragon changed into a cyclops
  9008 | D:10     | Noticed a cyclops (shapeshifter)
  9012 | D:10     | Killed a cyclops
  9201 | D:10     | Reached skill level 5 in Invocations
  9251 | D:10     | Noticed a centaur warrior
  9257 | D:10     | Killed a centaur warrior
  9759 | D:11     | Noticed Harold
  9778 | D:11     | Killed Harold
  9779 | D:11     | Reached XP level 11. HP: 66/104 MP: 14/14
 10038 | D:11     | Received a gift from Nemelex Xobeh
 10137 | D:11     | Found Lyheinn's Armour Emporium.
 10140 | D:11     | Bought a +0 pair of boots for 54 gold pieces
 10403 | D:12     | Noticed Snorg
 10439 | D:12     | Noticed Josephine
 10439 | D:12     | Found Getugik's Magic Scroll Shoppe.
 10537 | D:11     | Killed Josephine
 10538 | D:11     | Reached skill level 12 in Fighting
 10806 | D:12     | Bought a scroll of identify for 32 gold pieces
 10806 | D:12     | Bought a scroll of identify for 32 gold pieces
 10806 | D:12     | Identified 2 scrolls of acquirement
 10809 | D:12     | Acquired the amulet of Vitality {RegenMP++ Regen++}
 10809 | D:12     | Found the amulet of Vitality {RegenMP++ Regen++}
 10822 | D:12     | Acquired a manual of Axes
 10849 | D:12     | Mangled by Snorg

Illustrated notes

Levels and vault maps discovered:
D:1:      kennysheep_arrival_seaside, layout_basic, minmay_3d_cube
D:2:      layout_loops_ring, hellmonk_ecumenical_altar_crossroads,
          chequers_serial_rivers_small_a
D:3:      layout_loops_ring, slow_altar_2, serial_forest,
          infiniplex_forest_lined_2, infiniplex_forest_clump_tiny,
          infiniplex_forest_straight_5, infiniplex_forest_join,
          infiniplex_forest_clump_small, infiniplex_forest_straight_5,
          minmay_hedge_maze, nicolae_half_adder
D:4:      layout_rooms, gammafunk_ghost_abyssal_escape, uniq_robin
D:5:      layout_loops_ring
D:6:      layout_loops_ring, minmay_temple_entry_proselytizer, serial_shops,
          shop, st_stairs_2
D:7:      layout_basic, nicolae_concentric_dashed_squares_mild
D:8:      layout_basic, erik_lair_orcish_takeover, grunt_decor_mini_mirrors,
          minmay_door_square
D:9:      layout_irregular_city, orc_0_dummy, serial_column_ruins,
          column_ruins_hut, column_ruins_courtyard_long,
          column_ruins_open_medium, column_ruins_grid_3, column_ruins_open_tiny,
          column_ruins_open_small_water, column_ruins_corridor_dead_end,
          column_ruins_columns_dead_end
D:10:     layout_loops_ring, nicolae_trove_entry_columns, uniq_fannar
D:11:     layout_basic, serial_shops, kennysheep_mini, uniq_harold
D:12:     layout_rooms, serial_shops, shop_statue, uniq_josephine, uniq_snorg
Temple:   nicolae_temple_bog_church

Skill      XL: |  1  2  3  4  5  6  7  8  9 10 11 |
---------------+----------------------------------+-----
Fighting       | 4 5 6 7 8 10 11 12 | 12.2
Axes           | 3 4 5 6 8 9 11 | 11.8
Shields        | 4 5 6 7 8 9 |  9.0
Armour         | 4 5 6 7 8 9 |  9.0
Invocations    | 1 2 4 5 |  5.9

Action                     |  1- 3 |  4- 6 |  7- 9 | 10-12 || total
---------------------------+-------+-------+-------+-------++-------
  Melee: War axe           |    94 |   131 |   257 |   219 ||   701
         Headbutt          |    14 |    26 |    46 |    48 ||   134
  Throw: Boomerang         |       |     3 |       |     5 ||     8
 Invoke: Draw Destruction  |       |       |       |     8 ||     8
         Draw Summoning    |       |       |       |     1 ||     1
    Use: Scroll            |       |       |    11 |     8 ||    19
         Potion            |       |       |       |     1 ||     1
   Stab: Sleeping          |       |       |     2 |     5 ||     7
         Distracted        |       |       |     1 |       ||     1
 Armour: Scale mail        |    46 |    45 |     3 |       ||    94
         Plate armour      |       |       |    50 |       ||    50
         Shadow dragon sca |       |       |   103 |   135 ||   238
  Dodge: Dodged            |    38 |    43 |   145 |   112 ||   338
  Block: Buckler           |    23 |    28 |    57 |    81 ||   189

Table legend: (Time is in decaauts)
 A = Elapsed time spent in this place.
 B = Non-inter-level travel time spent in this place.
 C = Inter-level travel time spent in this place.
 D = Time resting spent in this place.
 E = Time spent auto-exploring this place.
 F = Levels seen in this place.
 G = Mean time per level.
                   A        B        C        D        E       F      G
               +--------+--------+--------+--------+--------+-----+--------+
         Total |  11030 |  10527 |    503 |    771 |   7851 |  13 |  848.5 |
       Dungeon |  10960 |  10478 |    482 |    771 |   7814 |  12 |  913.3 |
        Temple |     69 |     48 |     21 |      0 |     36 |   1 |   69.0 |
               +--------+--------+--------+--------+--------+-----+--------+

Top non-repeatable levels by time:
     D:7: 1423 daAuts
     D:8: 1409 daAuts
    D:11: 1332 daAuts
    D:10: 1066 daAuts
     D:3: 1008 daAuts
     D:9: 938 daAuts
     D:1: 831 daAuts
     D:6: 738 daAuts
     D:5: 735 daAuts
     D:2: 716 daAuts
     D:4: 677 daAuts
    D:12: 84 daAuts
  Temple: 69 daAuts
